 Dungeon Crawl Stone Soup version 0.28.0-45-g0d030f2227 (webtiles) character file.

Game seed: 11316417985123980455

594 seaoflcl the Covered (level 7, -4/53 HPs)
             Began as a Djinni Fighter on Apr 24, 2022.
             Slain by Pikel
             ... wielding a +2 whip of flaming
              (6 damage)
             ... on level 5 of the Dungeon.
             The game lasted 00:08:26 (5433 turns).

seaoflcl the Covered (Djinni Fighter)               Turns: 5433, Time: 00:08:27

Health: -4/53      AC:  7    Str: 17    XL:     7   Next: 67%
Gold:   144        EV:  9    Int:  9    God:
                   SH:  5    Dex: 13

rFire   + + .      SeeInvis .   a - +1 long sword
rCold   . . .      Faith    .   c - +0 buckler
rNeg    . . .      Spirit   .   b - +0 scale mail
rPois   ∞          Reflect  .   (no helmet)
rElec   .          Harm     .   (no cloak)
rCorr   .          Rampage  .   (no gloves)
Will    .....                   (boots unavailable)
Stlth   ..........              (no amulet)
HPRegen 0.17/turn               k - ring of protection from cold
MPRegen 0.00/turn               (no ring)

@: flying
A: sickness immunity, fire resistance 2, cold vulnerability 1, float, innate
caster, HP casting, extra vitality 1
a: no special abilities


You were on level 5 of the Dungeon.
You visited 1 branch of the dungeon, and saw 5 of its levels.
You also visited: Sewer.

You collected 144 gold pieces.

Inventory:

Hand Weapons
 a - a +1 long sword (weapon)
Missiles
 o - 64 stones (quivered)
Armour
 b - a +0 scale mail (worn)
 c - a +0 buckler (worn)
Jewellery
 g - a ring of ice
 k - a ring of protection from cold (left hand)
Wands
 p - a wand of mindburst (13)
Scrolls
 d - a scroll of vulnerability {unknown}
 e - a scroll of fear {unknown}
 i - 2 scrolls of teleportation {unknown}
 j - a scroll of enchant weapon
 l - 2 scrolls of magic mapping {unknown}
 n - a scroll of identify {unknown}
Potions
 f - a potion of curing
 h - a potion of attraction {unknown}
 m - 3 potions of heal wounds {unknown}


   Skills:
 + Level 4.5 Fighting
 + Level 3.5 Long Blades
 + Level 4.5 Armour
 + Level 4.5 Shields
 + Level 2.3 Spellcasting


You had 4 spell levels left.
You knew the following spells:

 Your Spells              Type           Power      Damage    Failure   Level
a - Sandblast             Erth           10%        2d5       45%         1
b - Poisonous Vapours     Pois/Air       10%        N/A       61%         2
c - Tukima's Dance        Hex            5%         N/A       83%         3
Your spell library was empty.

Dungeon Overview and Level Annotations

Branches:
Dungeon (5/15)              Sewer (visited)
 Temple: D:4-7

Altars:
Okawaru

Shops:
D:4 [

Annotations:
D:2 Sigmund
D:5 Pikel


Innate Abilities, Weirdness & Mutations

You are immune to sickness and miasma.
You are immune to poison.
Your flesh is very heat resistant. (rF++)
You are vulnerable to cold. (rC-)
You float through the air rather than walking.
You learn spells naturally, not from books.
Your magical power is your life essence.
You have superior vitality. (+4 MHP)


Message History

Pikel completely misses you.
You hit Pikel but do no damage.
Pikel is moderately wounded.
Pikel closely misses you.
You barely miss Pikel.
Pikel is moderately wounded.
Pikel hits you with a +2 whip of flaming.
Pikel burns you.
Pikel zaps a wand.
Your will is overpowered!
You are confused.
The now-empty wand crumbles to dust.
Pikel barely misses you.
You bump into the rock wall.
Pikel hits you with a +2 whip of flaming!
Pikel burns you.
You're too confused to move!
Pikel hits you with a +2 whip of flaming!
There is a stone staircase leading up here.
You bump into the rock wall.
Pikel hits you but does no damage.
You bump into the rock wall.
Pikel hits you with a +2 whip of flaming.
You bump into the rock wall.
You feel less confused.
Pikel hits you with a +2 whip of flaming.
* * * LOW HITPOINT WARNING * * *
You slash Pikel!
Pikel is heavily wounded.
Pikel barely misses you.
Your magical contamination has completely faded away.
You hit Pikel but do no damage.
Pikel is heavily wounded.
You block Pikel's attack.
You hit Pikel but do no damage.
Pikel is heavily wounded.
Pikel hits you with a +2 whip of flaming!
* * * LOW HITPOINT WARNING * * *
Pikel burns you.
* * * LOW HITPOINT WARNING * * *
Pikel waves his whip at you.
Pikel hits you with a +2 whip of flaming.
You die...

..........#
..........#
..........#
..........#
..........
K.l....
#..5# ###l#
#@#.# #K#5#
#l5.# #####


You could see Pikel, a lemure and an iguana.

Vanquished Creatures
  A water moccasin (D:4)
  Pargi (Sewer)
  A scorpion (D:4)
  A howler monkey (D:4)
  A hound (D:4)
  A centaur skeleton (D:4)
  A bullfrog skeleton (D:4)
  An iguana (D:4)
  A hound skeleton (D:4)
  8 adders
  An adder skeleton (D:4)
  4 worms
  2 dart slugs
  An orc (D:4)
  8 endoplasms
  3 giant cockroaches
  12 goblins
  3 hobgoblins
  2 quokkas
  10 ball pythons
  4 bats
  5 frilled lizards
  9 kobolds
  6 rats
87 creatures vanquished.

Notes
Turn   | Place    | Note
-------+----------+-------------------------------------------
     0 | D:1      | seaoflcl the Djinni Fighter began the quest for the Orb.
     0 | D:1      | Reached XP level 1. HP: 20/20 MP: 0/0
     6 | D:1      | Noticed a rime drake
     6 | D:1      | Noticed a killer bee
     7 | D:1      | Noticed a wolf
     7 | D:1      | Noticed a salamander
   939 | D:1      | Reached XP level 2. HP: 20/25 MP: 0/0
  1625 | D:1      | Reached XP level 3. HP: 28/30 MP: 0/0
  1625 | D:1      | Learned a level 1 spell: Sandblast
  2108 | D:2      | Reached XP level 4. HP: 28/35 MP: 0/0
  2465 | D:2      | Noticed Sigmund
  2566 | D:3      | Reached skill level 1 in Spellcasting
  3378 | D:4      | Reached XP level 5. HP: 22/40 MP: 0/0
  3378 | D:4      | Learned a level 2 spell: Poisonous Vapours
  3435 | D:4      | Found Uptiopp's Armour Emporium.
  3551 | D:4      | Reached XP level 6. HP: 24/47 MP: 0/0
  3627 | D:4      | Found a glowing drain.
  3643 | Sewer    | Entered a sewer
  3905 | Sewer    | Noticed Pargi
  3943 | Sewer    | HP: 2/47 [Pargi (1)]
  3949 | Sewer    | Killed Pargi
  4320 | D:4      | Reached XP level 7. HP: 37/52 MP: 0/0
  4320 | D:4      | Learned a level 3 spell: Tukima's Dance
  4975 | D:4      | Found an iron altar of Okawaru.
  4977 | D:4      | Noticed a water moccasin
  4988 | D:4      | Killed a water moccasin
  5396 | D:5      | Entered Level 5 of the Dungeon
  5404 | D:5      | Noticed Pikel
  5432 | D:5      | HP: 2/53 [Pikel/+2 whip of flaming (1)]
  5433 | D:5      | Slain by Pikel

Illustrated notes

Levels and vault maps discovered:
D:1:      onia_arrival_zoo_common, layout_basic, minmay_pentomino_u4
D:2:      layout_loops_cross, nicolae_wormholes, uniq_sigmund,
          uniq_crazy_yiuf_cottage
D:3:      layout_rooms
D:4:      layout_loops_ring, okawaru_gym_becter, portal_sewer_entry_d,
          nicolae_stop_n_shop_1, grunt_decor_clamped, kennysheep_generic_room_7
D:5:      cheibrodos_iron_armory, layout_basic, serial_shops,
          nicolae_square_shop, uniq_eustachio, uniq_pikel, uniq_menkaure

Skill      XL: |  1  2  3  4  5  6  7 |
---------------+----------------------+-----
Long Blades    | 2 3 |  3.5
Spellcasting   | 1 2 |  2.3
Armour         | 4 |  4.5
Fighting       | 4 |  4.5
Shields        | 4 |  4.5

Action                   |  1- 3 |  4- 6 |  7- 9 || total
-------------------------+-------+-------+-------++-------
Melee: Long sword        |    99 |   183 |    74 ||   356
  Use: Potion            |       |     4 |       ||     4
       Scroll            |       |     1 |       ||     1
Armor: Scale mail        |    43 |   154 |    24 ||   221
Dodge: Dodged            |    42 |   142 |    29 ||   213
Block: Buckler           |    18 |    81 |    22 ||   121
